WIN
LOS ANGELES (WIN) ANGELS @ TAMPA BAY (WIN) RAYS
12/04/2046
 
TOP OF THE 1ST
Los Angeles (WIN) Angels batting - Pitching for Tampa Bay (WIN) Rays : LHP Tris Ross
Pitching: LHP Tris Ross
Batting: RHB Bjoern Waltersson 0-0: Ball
1-0: Ball
2-0: Called Strike
2-1: Ball
3-1: Fly out, F8 (Flyball, 78M, EV 81.9 MPH)
Batting: LHB Rusty Ney 0-0: Foul Ball, location: 2F
0-1: Foul Ball, location: 2F
0-2: Ball
1-2: Ball
2-2: Ground out 4-3 (Groundball, 4, EV 83.8 MPH)
Batting: RHB Luis Romero 0-0: Called Strike
0-1: Ball
1-1: Ball
2-1: Ball
3-1: Called Strike
3-2: Strikes out swinging
Top of the 1st over - 0 runs, 0 hits, 0 errors, 0 left on base; Los Angeles (WIN) 0 - Tampa Bay (WIN) 0
BOTTOM OF THE 1ST
Tampa Bay (WIN) Rays batting - Pitching for Los Angeles (WIN) Angels : RHP Tim Anderson
Pitching: RHP Tim Anderson
Batting: LHB Mark Marvin 0-0: Called Strike
0-1: Ball
1-1: Swinging Strike
1-2: Ball
2-2: Foul Ball, location: 2F
2-2: Fly out, F8 (Flyball, 8LS, EV 85.0 MPH)
Batting: RHB Jonathan Fraire 0-0: Called Strike
0-1: Foul Ball, location: 2F
0-2: Ball
1-2: SINGLE (Flyball, 89S, EV 91.9 MPH)
Batting: RHB Jeff Brower 0-0: Ball
1-0: Ball
2-0: SINGLE (Line Drive, 78S, EV 92.5 MPH)
Jonathan Fraire to second
Batting: RHB David Ward 0-0: SINGLE (Groundball, 6S, EV 71.2 MPH) (infield hit)
Jonathan Fraire to third
Jeff Brower to second
Batting: LHB Jake Rheaume 0-0: Ball
1-0: Foul Ball, location: 2F
1-1: Grounds into double play, 4-6-3 (Groundball, 4, EV 84.4 MPH)
Bottom of the 1st over - 0 runs, 3 hits, 0 errors, 2 left on base; Los Angeles (WIN) 0 - Tampa Bay (WIN) 0
TOP OF THE 2ND
Los Angeles (WIN) Angels batting - Pitching for Tampa Bay (WIN) Rays : LHP Tris Ross
Batting: RHB Mike Alm 0-0: Foul Ball, location: 2F
0-1: Called Strike
0-2: Ball
1-2: Strikes out looking
Batting: LHB Griffin Ferris 0-0: Called Strike
0-1: Foul Ball, location: 2F
0-2: Strikes out looking
Batting: LHB Justin Alexander 0-0: Ball
1-0: Swinging Strike
1-1: Foul Ball, location: 2F
1-2: Foul Ball, location: 2F
1-2: Foul Ball, location: 2F
1-2: Ball
2-2: Foul Ball, location: 2F
2-2: Strikes out looking
Top of the 2nd over - 0 runs, 0 hits, 0 errors, 0 left on base; Los Angeles (WIN) 0 - Tampa Bay (WIN) 0
BOTTOM OF THE 2ND
Tampa Bay (WIN) Rays batting - Pitching for Los Angeles (WIN) Angels : RHP Tim Anderson
Batting: RHB Sesto Carpini 0-0: Foul Ball, location: 2F
0-1: Called Strike
0-2: Ball
1-2: Ground out 4-3 (Groundball, 4, EV 104.4 MPH)
Batting: LHB Mario Ocana 0-0: SINGLE (Groundball, 4S, EV 96.9 MPH)
Batting: RHB Freddy Mullen 0-0: Called Strike
0-1: Foul Ball, location: 2F
0-2: Ball
1-2: Strikes out swinging
Batting: LHB Angel Ruvalcaba 0-0: Ground out U3 (Groundball, 3, EV 103.1 MPH)
Bottom of the 2nd over - 0 runs, 1 hit, 0 errors, 1 left on base; Los Angeles (WIN) 0 - Tampa Bay (WIN) 0
TOP OF THE 3RD
Los Angeles (WIN) Angels batting - Pitching for Tampa Bay (WIN) Rays : LHP Tris Ross
Batting: RHB Jose Ramirez 0-0: Ball
1-0: Ball
2-0: Ground out 6-3 (Groundball, 56, EV 92.5 MPH)
Batting: RHB Ryan Pelletier 0-0: SINGLE (Line Drive, 78M, EV 85.6 MPH)
Batting: LHB Jorge Zermeno 0-0: Ball
1-0: Ball
2-0: Foul Ball, location: 2F
2-1: Ball
3-1: Base on Balls
Ryan Pelletier to second
Batting: RHB Bjoern Waltersson 0-0: Called Strike
0-1: Foul Ball, location: 2F
0-2: DOUBLE (Line Drive, 9D, EV 101.9 MPH)
Ryan Pelletier scores
Jorge Zermeno to third
Batting: LHB Rusty Ney 0-0: SINGLE (Line Drive, 6D, EV 107.5 MPH)
Jorge Zermeno scores
Bjoern Waltersson to third
Batting: RHB Luis Romero 0-0: Called Strike
0-1: Ball
1-1: Fly out, F8 (Flyball, 89D, EV 100.0 MPH)
Runner from 3rd tags up, SCORES, throw by CF
Batting: RHB Mike Alm 0-0: Ball
1-0: Ball
2-0: Ball
3-0: Base on Balls
Rusty Ney to second
Batting: LHB Griffin Ferris 0-0: Foul Ball, location: 2F
0-1: Ball
1-1: Ball
2-1: Foul Ball, location: 2F
2-2: Strikes out swinging
Top of the 3rd over - 3 runs, 3 hits, 0 errors, 2 left on base; Los Angeles (WIN) 3 - Tampa Bay (WIN) 0
BOTTOM OF THE 3RD
Tampa Bay (WIN) Rays batting - Pitching for Los Angeles (WIN) Angels : RHP Tim Anderson
Batting: LHB Mark Marvin 0-0: Called Strike
0-1: Ball
1-1: Ball
2-1: SINGLE (Groundball, 4D, EV 94.4 MPH)
Batting: RHB Jonathan Fraire 0-0: Called Strike
Mark Marvin is caught stealing 2nd base 2-4
0-1: Ball
1-1: DOUBLE (Line Drive, 78M, EV 106.2 MPH)
Batting: RHB Jeff Brower 0-0: Ball
1-0: Called Strike
1-1: Ball
2-1: Called Strike
2-2: Fly out, F7 (Flyball, 7LD, EV 94.4 MPH)
Runner from 2nd tags up, OUT at 3rd! 7-5
Bottom of the 3rd over - 0 runs, 2 hits, 0 errors, 0 left on base; Los Angeles (WIN) 3 - Tampa Bay (WIN) 0
TOP OF THE 4TH
Los Angeles (WIN) Angels batting - Pitching for Tampa Bay (WIN) Rays : LHP Tris Ross
Batting: LHB Justin Alexander 0-0: Ball
1-0: Ball
2-0: Ball
3-0: Base on Balls
Batting: RHB Jose Ramirez 0-0: Ball
1-0: Called Strike
1-1: Ball
2-1: Foul Ball, location: 2F
2-2: Ball
3-2: Strikes out swinging
Batting: RHB Ryan Pelletier 0-0: Called Strike
0-1: Called Strike
Justin Alexander is caught stealing 2nd base 2-4
0-2: Ball
1-2: Ground out 5-3 (Groundball, 5S, EV 64.4 MPH)
Top of the 4th over - 0 runs, 0 hits, 0 errors, 0 left on base; Los Angeles (WIN) 3 - Tampa Bay (WIN) 0
BOTTOM OF THE 4TH
Tampa Bay (WIN) Rays batting - Pitching for Los Angeles (WIN) Angels : RHP Tim Anderson
Batting: RHB David Ward 0-0: Foul Ball, location: 2F
0-1: Foul Ball, location: 2F
0-2: Ground out 6-3 (Groundball, 6, EV 88.8 MPH)
Batting: LHB Jake Rheaume 0-0: Ball
1-0: Ground out 6-3 (Groundball, 6S, EV 70.6 MPH)
Batting: RHB Sesto Carpini 0-0: Ball
1-0: Foul Ball, location: 2F
1-1: Ground out 4-3 (Groundball, 4, EV 98.1 MPH)
Bottom of the 4th over - 0 runs, 0 hits, 0 errors, 0 left on base; Los Angeles (WIN) 3 - Tampa Bay (WIN) 0
TOP OF THE 5TH
Los Angeles (WIN) Angels batting - Pitching for Tampa Bay (WIN) Rays : LHP Tris Ross
Batting: LHB Jorge Zermeno 0-0: Called Strike
0-1: Ball
1-1: Foul Ball, location: 2F
1-2: Ball
2-2: Strikes out swinging
Batting: RHB Bjoern Waltersson 0-0: Called Strike
0-1: Ball
1-1: Ball
2-1: Swinging Strike
2-2: Strikes out swinging
Batting: LHB Rusty Ney 0-0: Called Strike
0-1: Foul Ball, location: 2F
0-2: Ball
1-2: Foul Ball, location: 2F
1-2: Foul Ball, location: 2F
1-2: Ball
2-2: Ball
3-2: Foul Ball, location: 2F
3-2: Fly out, F7 (Flyball, 78S, EV 84.4 MPH)
Top of the 5th over - 0 runs, 0 hits, 0 errors, 0 left on base; Los Angeles (WIN) 3 - Tampa Bay (WIN) 0
BOTTOM OF THE 5TH
Tampa Bay (WIN) Rays batting - Pitching for Los Angeles (WIN) Angels : RHP Tim Anderson
Batting: LHB Mario Ocana 0-0: SINGLE (Line Drive, 56, EV 96.2 MPH)
Batting: RHB Freddy Mullen 0-0: Called Strike
0-1: Swinging Strike
0-2: Strikes out swinging
Batting: LHB Angel Ruvalcaba 0-0: Called Strike
0-1: Grounds into double play, 4-6-3 (Groundball, 4, EV 105.6 MPH)
Bottom of the 5th over - 0 runs, 1 hit, 0 errors, 0 left on base; Los Angeles (WIN) 3 - Tampa Bay (WIN) 0
TOP OF THE 6TH
Los Angeles (WIN) Angels batting - Pitching for Tampa Bay (WIN) Rays : LHP Tris Ross
Batting: RHB Luis Romero 0-0: Ball
1-0: Ball
2-0: Swinging Strike
2-1: SINGLE (Flyball, 78S, EV 93.1 MPH)
Batting: RHB Mike Alm 0-0: Foul Ball, location: 2F
0-1: Called Strike
0-2: Foul Ball, location: 2F
0-2: Ball
1-2: Foul Ball, location: 2F
1-2: Fly out, F9 (Flyball, 89M, EV 84.4 MPH)
Batting: LHB Griffin Ferris 0-0: Ball
1-0: Foul Ball, location: 2F
1-1: Fly out, F8 (Line Drive, 8LD, EV 95.0 MPH)
Batting: LHB Justin Alexander 0-0: Foul Ball, location: 2F
0-1: SINGLE (Line Drive, 56D, EV 94.4 MPH)
Luis Romero to second
Batting: RHB Jose Ramirez 0-0: Foul Ball, location: 2F
0-1: Fly out, F4 (Line Drive, 4, EV 61.9 MPH)
Top of the 6th over - 0 runs, 2 hits, 0 errors, 2 left on base; Los Angeles (WIN) 3 - Tampa Bay (WIN) 0
BOTTOM OF THE 6TH
Tampa Bay (WIN) Rays batting - Pitching for Los Angeles (WIN) Angels : RHP Tim Anderson
Batting: LHB Mark Marvin 0-0: Ball
1-0: Ball
2-0: Ball
3-0: Base on Balls
Batting: RHB Jonathan Fraire 0-0: Ball
1-0: Ball
2-0: Swinging Strike
2-1: Ball
3-1: Called Strike
3-2: Foul Ball, location: 2F
3-2: Strikes out swinging
Batting: RHB Jeff Brower 0-0: Ball
Wild Pitch!
Mark Marvin to second
1-0: Called Strike
1-1: Called Strike
1-2: Foul Ball, location: 2F
1-2: Strikes out swinging
Batting: RHB David Ward 0-0: Ground out 5-3 (Groundball, 5S, EV 69.4 MPH)
Bottom of the 6th over - 0 runs, 0 hits, 0 errors, 1 left on base; Los Angeles (WIN) 3 - Tampa Bay (WIN) 0
TOP OF THE 7TH
Los Angeles (WIN) Angels batting - Pitching for Tampa Bay (WIN) Rays : LHP Tris Ross
Pitching: LHP Brian Kelly
Batting: RHB Ryan Pelletier 0-0: Called Strike
0-1: Swinging Strike
0-2: Strikes out swinging
Batting: LHB Jorge Zermeno 0-0: Called Strike
0-1: Ball
1-1: Reached on error, E4 (Groundball, 4, EV 101.9 MPH)
Batting: RHB Bjoern Waltersson 0-0: Intentional Walk
Batting: LHB Rusty Ney 0-0: Called Strike
0-1: Ball
1-1: Foul Ball, location: 2F
1-2: Ball
2-2: Fielders Choice at 2nd, 6-4 (Groundball, 6, EV 99.4 MPH)
Jorge Zermeno to third
Batting: RHB Luis Romero 0-0: DOUBLE (Line Drive, 9LS, EV 101.2 MPH)
Jorge Zermeno scores
Rusty Ney to third
Runner from 3rd tries for Home, SAFE, throw by RF to trailing runner, SAFE at third!
Batting: RHB Mike Alm 0-0: Ball
1-0: Ball
2-0: Called Strike
2-1: Ball
3-1: Foul Ball, location: 2F
3-2: Base on Balls
Batting: LHB Griffin Ferris 0-0: Foul Ball, location: 2F
0-1: Ball
1-1: Called Strike
1-2: Ball
2-2: Strikes out swinging
Top of the 7th over - 2 runs, 1 hit, 1 error, 2 left on base; Los Angeles (WIN) 5 - Tampa Bay (WIN) 0
BOTTOM OF THE 7TH
Tampa Bay (WIN) Rays batting - Pitching for Los Angeles (WIN) Angels : RHP Tim Anderson
Batting: LHB Jake Rheaume 0-0: Ball
1-0: Ground out 6-3 (Groundball, 6, EV 104.4 MPH)
Batting: RHB Sesto Carpini 0-0: Ball
1-0: Ball
2-0: Foul Ball, location: 2F
2-1: Ground out 4-3 (Groundball, 4, EV 82.5 MPH)
Batting: LHB Mario Ocana 0-0: Called Strike
0-1: Ball
1-1: Foul Ball, location: 2F
1-2: Ball
2-2: Strikes out swinging
Bottom of the 7th over - 0 runs, 0 hits, 0 errors, 0 left on base; Los Angeles (WIN) 5 - Tampa Bay (WIN) 0
TOP OF THE 8TH
Los Angeles (WIN) Angels batting - Pitching for Tampa Bay (WIN) Rays : LHP Brian Kelly
Batting: LHB Justin Alexander 0-0: Ball
1-0: Ground out U3 (Groundball, 34S, EV 81.9 MPH)
Batting: RHB Jose Ramirez 0-0: Ground out 6-3 (Groundball, 6, EV 108.8 MPH)
Batting: RHB Ryan Pelletier 0-0: Ball
1-0: Called Strike
1-1: Ball
2-1: Called Strike
2-2: SINGLE (Groundball, 56S, EV 75.6 MPH) (infield hit)
Batting: LHB Jorge Zermeno 0-0: Called Strike
0-1: Called Strike
Ryan Pelletier is caught stealing 2nd base 2-6
Top of the 8th over - 0 runs, 1 hit, 0 errors, 0 left on base; Los Angeles (WIN) 5 - Tampa Bay (WIN) 0
BOTTOM OF THE 8TH
Tampa Bay (WIN) Rays batting - Pitching for Los Angeles (WIN) Angels : RHP Tim Anderson
Batting: RHB Freddy Mullen 0-0: Ground out 6-3 (Groundball, 6, EV 91.9 MPH)
Batting: LHB Angel Ruvalcaba 0-0: Ground out 6-3 (Groundball, 6M, EV 99.4 MPH)
Batting: LHB Mark Marvin 0-0: Called Strike
0-1: Ball
1-1: Foul Ball, location: 2F
1-2: Ball
2-2: Foul Ball, location: 2F
2-2: Ground out 4-3 (Groundball, 4, EV 105.0 MPH)
Bottom of the 8th over - 0 runs, 0 hits, 0 errors, 0 left on base; Los Angeles (WIN) 5 - Tampa Bay (WIN) 0
TOP OF THE 9TH
Los Angeles (WIN) Angels batting - Pitching for Tampa Bay (WIN) Rays : LHP Brian Kelly
Batting: LHB Jorge Zermeno 0-0: Ball
1-0: Swinging Strike
1-1: Ball
2-1: Called Strike
2-2: Strikes out swinging
Batting: RHB Bjoern Waltersson 0-0: Ball
1-0: Called Strike
1-1: Foul Ball, location: 2F
1-2: Strikes out swinging
Batting: LHB Rusty Ney 0-0: Called Strike
0-1: Foul Ball, location: 2F
0-2: Strikes out swinging
Top of the 9th over - 0 runs, 0 hits, 0 errors, 0 left on base; Los Angeles (WIN) 5 - Tampa Bay (WIN) 0
BOTTOM OF THE 9TH
Tampa Bay (WIN) Rays batting - Pitching for Los Angeles (WIN) Angels : RHP Tim Anderson
Batting: RHB Jonathan Fraire 0-0: Called Strike
0-1: Foul Ball, location: 2F
0-2: Ball
1-2: Strikes out swinging
Batting: RHB Jeff Brower 0-0: Called Strike
0-1: Ball
1-1: Foul Ball, location: 2F
1-2: Foul Ball, location: 2F
1-2: Strikes out swinging
Batting: RHB David Ward 0-0: Swinging Strike
0-1: Swinging Strike
0-2: Strikes out swinging
Bottom of the 9th over - 0 runs, 0 hits, 0 errors, 0 left on base; Los Angeles (WIN) 5 - Tampa Bay (WIN) 0
Tuesday, September 13th , 2022 - OOTP Baseball 23.7 Build 88